Map: [ESL] Alcyone

Players

SHIN - Winner!

  • Race: Zerg Zerg
  • Spawn Location: 1:00

Oliveira

  • Race: Terran Terran
  • Spawn Location: 7:00

Event: IEM Katowice 2024

VOD

Have the link to the VOD?

Description

Time

  • Played on: Feb. 10, 2024, 6:34 a.m.
  • Length: 18:11

All games in this series

Show
View Real Time Build Order
Export as new Build Order

SHIN Zerg - Winner!

Build Orders: Pool First 

Get SALT Encoding   

  12  0:00  Drone  
  13  0:12  Overlord  
  13  0:17  Drone  
  14  0:31  Drone x2  
  16  0:40  Spawning Pool  
  15  0:43  Drone  
  15  0:48  Drone  
  17  0:55  Drone  
  18  1:11  Hatchery  
  18  1:13  Extractor  
  18  1:15  Drone  
  17  1:19  Drone  
  18  1:28  Zergling x2  
  18  1:31  Queen  
  21  1:38  Overlord  
  21  1:49  Drone  
  22  2:00  Drone  
  23  2:07  Queen  
  25  2:15  Hatchery  
  24  2:17  Drone  
  25  2:27  Drone x2  
  27  2:33  Drone  
  27  2:36  Queen  
  29  2:38  Drone  
  29  2:42  Drone  
  30  2:46  Metabolic Boost  
  30  2:50  Drone  
  31  2:55  Overlord  
  31  2:57  Drone  
  32  2:59  Drone  
  32  3:02  Drone  
  32  3:04  Drone  
  35  3:09  Overlord  
  35  3:14  Drone  
  35  3:16  Drone x2  
  35  3:17  Drone  
  35  3:19  Drone  
  40  3:24  Queen  
  43  3:27  Drone  
  43  3:28  Drone  
  43  3:31  Drone  
  45  3:35  Queen  
  45  3:40  Queen  
  49  3:44  Drone x2  
  51  3:48  Zergling x2  
  51  3:49  Zergling x2  
  51  3:52  Zergling x2  
  51  3:53  Zergling x2  
  51  3:54  Overlord  
  55  3:59  Roach Warren  
  55  4:01  Extractor  
  53  4:03  Extractor  
  53  4:04  Overlord  
  53  4:07  Zergling x4  
  54  4:12  Zergling x6  
  57  4:21  Overlord  
  55  4:28  Overlord  
  55  4:40  Roach x8  
  68  4:50  Zergling x10  
  68  4:51  Zergling x2  
  74  4:56  Overlord  
  74  4:58  Zergling x4  
  76  5:05  Zergling x4  
  80  5:09  Overlord  
  80  5:11  Ravager x2  
  80  5:12  Ravager  
  81  5:16  Ravager  
  81  5:17  Zergling x2  
  81  5:18  Zergling x6  
  86  5:22  Ravager  
  86  5:25  Zergling x4  
  86  5:26  Overlord  
  89  5:29  Zergling x4  
  89  5:31  Ravager  
  89  5:35  Zergling x6  
  89  5:45  Zergling x10  
  89  5:46  Ravager  
  91  5:51  Ravager  
  91  5:54  Zergling x8  
  96  6:00  Zergling x6  
  99  6:09  Zergling x8  
  100  6:15  Drone  
  100  6:16  Drone x3  
  100  6:19  Drone  
  100  6:20  Drone  
  100  6:22  Drone  
  100  6:24  Drone  
  100  6:25  Drone  
  105  6:27  Drone  
  105  6:32  Drone x2  
  91  6:33  Drone  
  91  6:35  Drone  
  91  6:38  Drone x2  
  86  6:40  Drone  
  86  6:45  Drone x2  
  76  6:49  Drone  
  76  6:50  Lair  
  76  6:54  Drone x2  
  75  6:59  Drone  
  74  7:04  Drone  
  74  7:05  Drone  
  76  7:08  Evolution Chamber  
  76  7:09  Evolution Chamber  
  76  7:12  Drone  
  76  7:14  Drone x3, Extractor  
  76  7:15  Drone  
  78  7:16  Drone  
  81  7:22  Roach  
  81  7:26  Roach x3  
  81  7:28  Roach  
  89  7:32  Hatchery  
  89  7:33  Drone  
  89  7:34  Roach  
  89  7:35  Extractor  
  89  7:36  Zerg Ground Armor Level 1  
  90  7:39  Zerg Missile Weapons Level 1  
  90  7:40  Zergling x2, Roach  
  90  7:43  Drone  
  94  7:44  Overlord  
  94  7:45  Roach  
  94  7:47  Overlord  
  94  7:50  Overlord  
  96  7:51  Glial Reconstitution  
  96  7:53  Drone x2  
  96  7:54  Drone  
  96  7:56  Drone, Extractor  
  96  7:57  Drone  
  100  8:01  Roach x3  
  100  8:02  Overlord  
  100  8:04  Roach x3  
  106  8:08  Roach x2  
  106  8:12  Overlord  
  110  8:13  Ravager x6  
  110  8:14  Ravager  
  110  8:16  Zergling x2, Roach  
  110  8:19  Overseer  
  120  8:22  Zergling x8, Roach  
  120  8:25  Overlord  
  120  8:27  Roach  
  125  8:30  Overlord  
  125  8:32  Ravager x3  
  128  8:35  Zergling x6, Roach  
  128  8:37  Overlord  
  132  8:43  Zergling x2, Roach x2  
  132  8:44  Overlord  
  137  8:49  Zergling x8  
  137  8:52  Ravager x3  
  137  8:54  Roach  
  137  8:55  Roach  
  148  8:59  Zergling x4, Roach  
  150  9:05  Roach x3  
  150  9:06  Ravager  
  157  9:12  Zergling x10, Roach  
  164  9:17  Zergling x2  
  164  9:18  Zergling x6  
  164  9:21  Roach  
  164  9:22  Roach x2  
  174  9:24  Overlord  
  174  9:28  Zergling x10  
  175  9:35  Overlord  
  175  9:37  Overlord  
  175  9:40  Overlord  
  175  9:42  Overlord  
  175  9:43  Zergling x8, Roach  
  175  9:44  Zergling x2  
  182  9:47  Roach  
  182  9:49  Roach  
  182  9:50  Roach x2  
  180  9:53  Zergling x6  
  163  10:03  Roach x5  
  138  10:07  Roach x2  
  138  10:08  Roach x3  
  138  10:12  Roach x3  
  141  10:15  Roach  
  141  10:17  Ravager  
  141  10:18  Ravager x5  
  149  10:21  Roach x2  
  149  10:22  Roach  
  149  10:25  Roach x2  
  149  10:28  Zergling x4, Roach  
  159  10:32  Roach x3  
  154  10:36  Roach x2  
  154  10:37  Ravager  
  154  10:38  Ravager x2  
  154  10:39  Roach  
  154  10:40  Zergling x2  
  164  10:43  Zergling x2  
  164  10:44  Zergling x6  
  164  10:47  Zergling x2, Roach  
  164  10:49  Zergling x4  
  173  10:54  Roach x2  
  177  11:01  Zergling x18  
  177  11:04  Roach x2  
  183  11:08  Roach  
  183  11:09  Roach x2  
  182  11:12  Zerg Ground Armor Level 2  
  182  11:13  Zergling x2  
  182  11:24  Zergling x18, Roach  
  173  11:29  Zergling x6, Roach  
  158  11:33  Roach x3  
  158  11:36  Zergling x6  
  158  11:37  Ravager x3  
  164  11:40  Ravager  
  164  11:41  Zergling x4, Roach  
  164  11:44  Zergling x2  
  170  11:49  Zerg Missile Weapons Level 2  
  170  11:50  Zergling x2  
  170  11:51  Zergling x2  
  171  11:55  Drone x7  
  171  11:57  Ravager x3  
  171  12:00  Zergling x6  
  174  12:04  Ravager x2  
  175  12:10  Drone x8  
  178  12:17  Infestation Pit, Baneling Nest  
  178  12:19  Zergling x6  
  178  12:21  Roach x3  
  180  12:24  Extractor  
  179  12:31  Zergling x18  
  188  12:41  Evolution Chamber  
  188  12:43  Spore Crawler  
  186  12:44  Hatchery  
  186  12:50  Zergling x22  
  196  12:55  Hive  
  196  13:09  Ravager  
  197  13:12  Zerg Melee Weapons Level 1  
  197  13:18  Centrifugal Hooks  
  196  13:25  Zergling x6  
  199  13:28  Overlord x3  
  199  13:35  Baneling x26  
  199  13:42  Hydralisk Den  
  199  13:46  Spore Crawler  
  199  13:48  Drone x2  
  199  13:51  Baneling x13  
  195  14:09  Viper x2  
  193  14:11  Adrenal Glands  
  193  14:19  Drone x3  
  193  14:23  Spore Crawler, Hatchery  
  194  14:24  Baneling x10, Spore Crawler  
  194  14:28  Zergling x12  
  199  14:42  Zerg Ground Armor Level 3  
  199  14:47  Hatchery  
  199  14:48  Zergling x22  
  197  15:01  Zergling x4  
  196  15:07  Zergling x6  
  196  15:13  Zergling x4  
  196  15:14  Zergling x40  
  199  15:18  Zergling x2, Roach  
  199  15:19  Zergling x20  
  188  15:22  Zergling x2, Roach  
  188  15:23  Zergling x2  
  179  15:32  Zergling x10  
  179  15:33  Baneling x12  
  179  15:35  Zerg Melee Weapons Level 2  
  184  15:38  Muscular Augments  
  184  15:40  Hatchery  
  183  15:43  Baneling x12  
  183  15:44  Baneling  
  183  15:47  Viper  
  183  15:48  Viper  
  189  15:53  Zergling x10  
  194  16:02  Zergling x12  
  199  16:11  Zergling x2  
  199  16:23  Spore Crawler  
  199  16:25  Baneling x10  
  198  16:30  Baneling x9  
  197  16:34  Zergling x4  
  199  16:42  Grooved Spines  
  199  16:51  Zergling x4  
  199  16:55  Baneling x2  
  199  16:56  Baneling x9  
  172  17:12  Hydralisk x9  
  172  17:13  Zergling x34  
  192  17:22  Zergling x6  
  176  17:30  Zergling x12  
  176  17:36  Zergling x8  
  177  17:41  Hydralisk x3  
  177  17:44  Ravager  
  183  17:47  Zergling x12  
  183  17:50  Zergling x2  
  183  17:51  Baneling x4  
  190  17:53  Overseer  
Show
View Real Time Build Order
Export as new Build Order

Oliveira Terran 

Build Orders: Reaper Expand 

Get SALT Encoding   

  12  0:00  SCV  
  13  0:12  SCV  
  14  0:17  Supply Depot  
  14  0:24  SCV  
  15  0:38  SCV  
  15  0:39  Barracks  
  16  0:44  Refinery  
  16  0:50  SCV  
  17  1:03  SCV  
  18  1:15  SCV  
  19  1:27  Orbital Command  
  19  1:28  Reaper  
  20  1:38  Command Center  
  20  1:47  Supply Depot  
  20  1:53  SCV  
  21  2:00  Marine  
  22  2:05  SCV  
  23  2:10  Factory  
  23  2:17  SCV  
  24  2:23  Barracks Reactor  
  24  2:32  SCV  
  25  2:46  SCV  
  25  2:48  Command Center  
  26  2:58  SCV  
  27  3:03  Orbital Command, Refinery  
  27  3:08  Cyclone  
  27  3:09  Cyclone  
  27  3:11  SCV  
  32  3:15  Barracks Tech Lab  
  32  3:23  SCV  
  33  3:28  SCV  
  34  3:34  Marine  
  34  3:36  SCV  
  34  3:40  Stimpack, SCV  
  34  3:41  Hellion x2  
  41  3:45  Barracks  
  41  3:48  SCV  
  42  3:52  SCV  
  42  3:54  Marine  
  44  4:00  SCV  
  46  4:03  Hellion x2  
  46  4:05  Orbital Command  
  46  4:06  SCV  
  50  4:12  Supply Depot  
  50  4:22  SCV  
  47  4:25  SCV  
  47  4:29  Marine  
  47  4:30  Starport  
  49  4:31  SCV  
  49  4:32  Factory Reactor  
  49  4:34  SCV  
  49  4:36  Supply Depot  
  49  4:37  SCV  
  52  4:43  SCV  
  53  4:45  Marine  
  53  4:49  Marine x2  
  53  4:51  SCV  
  53  4:52  SCV  
  53  4:57  Refinery, Engineering Bay  
  53  4:58  Refinery, Engineering Bay  
  53  5:02  Supply Depot, SCV  
  53  5:03  SCV, Marine  
  53  5:06  SCV  
  57  5:07  Marine x2  
  57  5:08  Medivac  
  57  5:09  Hellion x2  
  57  5:12  Armory  
  65  5:15  SCV x2  
  65  5:18  SCV  
  65  5:20  Combat Shield  
  65  5:21  Marine  
  68  5:25  Marine x2  
  68  5:27  Orbital Command  
  71  5:29  Terran Infantry Armor Level 1  
  71  5:32  Hellion  
  71  5:35  Hellion  
  75  5:39  Marine  
  72  5:43  Marine x2  
  72  5:48  Liberator  
  72  5:53  Supply Depot  
  72  6:04  Supply Depot  
  72  6:05  Supply Depot x2  
  72  6:14  Marine  
  72  6:15  Hellion, SCV x2  
  72  6:16  Marine  
  72  6:18  SCV  
  77  6:19  Marine  
  77  6:23  Hellion  
  77  6:27  SCV x2  
  77  6:30  SCV  
  77  6:32  Marine  
  66  6:34  Marine  
  66  6:36  Hellion, Marine  
  57  6:40  SCV x2  
  57  6:42  SCV  
  57  6:44  Hellion  
  48  6:50  Marine  
  48  6:52  SCV x2, Marine  
  43  6:54  Marine, SCV  
  44  7:04  SCV x2  
  44  7:06  SCV  
  44  7:08  Marine  
  48  7:10  Marine  
  48  7:13  Marine  
  50  7:16  SCV x2  
  50  7:18  SCV  
  50  7:22  Engineering Bay  
  53  7:23  Factory Tech Lab  
  53  7:24  Medivac x2  
  53  7:27  Terran Infantry Weapons Level 1  
  53  7:28  Marine, SCV x2  
  60  7:30  SCV  
  60  7:34  Barracks  
  61  7:40  SCV  
  61  7:41  SCV  
  61  7:42  Barracks, SCV  
  64  7:44  Barracks  
  64  7:46  Siege Tank  
  64  7:47  Marine  
  68  7:52  SCV  
  68  7:53  Terran Infantry Armor Level 2  
  68  7:55  SCV x2  
  68  7:56  Supply Depot  
  68  7:58  Marine  
  71  8:02  Marine  
  71  8:05  SCV  
  73  8:07  SCV x2  
  73  8:09  Supply Depot, Marine  
  76  8:17  SCV  
  76  8:19  Marine, SCV x2, Supply Depot  
  80  8:21  Siege Tank  
  83  8:27  Barracks Tech Lab  
  83  8:29  SCV  
  83  8:31  SCV x2  
  83  8:32  Barracks Tech Lab  
  86  8:34  Command Center  
  86  8:36  Marine  
  86  8:39  Marine  
  86  8:41  SCV  
  89  8:43  SCV  
  89  8:44  SCV  
  89  8:47  Marauder, Supply Depot  
  89  8:48  Barracks Reactor, Marauder  
  93  8:52  Marauder  
  93  8:53  SCV  
  93  8:54  Marine  
  97  8:56  SCV x2  
  97  8:57  Siege Tank  
  97  9:01  Marine  
  103  9:05  SCV  
  103  9:06  Medivac x2  
  103  9:08  Marine  
  103  9:09  Marauder  
  111  9:11  Bunker  
  111  9:13  Supply Depot, Marine  
  111  9:14  Marauder  
  114  9:17  Concussive Shells  
  114  9:19  Supply Depot, Marine  
  109  9:26  Marine  
  109  9:28  Marine x2  
  109  9:29  Supply Depot x2  
  109  9:30  Marine  
  112  9:33  Marine  
  112  9:34  Supply Depot  
  112  9:35  Marauder  
  112  9:36  Marine  
  112  9:37  Siege Tank  
  118  9:41  Terran Infantry Weapons Level 2  
  118  9:44  Marine  
  119  9:46  Marine  
  119  9:48  Marauder  
  119  9:49  Bunker  
  119  9:50  Marine  
  122  9:54  Bunker, Supply Depot  
  122  9:56  Marauder  
  116  10:00  Marine x2  
  116  10:02  Marauder  
  116  10:03  SCV  
  116  10:04  SCV x2  
  116  10:05  Marine  
  103  10:07  Marine  
  103  10:10  Marauder  
  100  10:15  SCV  
  100  10:16  SCV x2  
  100  10:17  Medivac  
  104  10:22  Medivac  
  104  10:23  Marine  
  104  10:24  Marine  
  104  10:25  Marine  
  104  10:27  SCV  
  101  10:36  Marine x2  
  101  10:37  SCV, Marauder x2  
  101  10:40  SCV x2  
  101  10:41  Terran Vehicle Weapons Level 1, Marine  
  111  10:43  Marine  
  111  10:48  Marine  
  111  10:49  Siege Tank, Medivac, SCV  
  119  10:52  SCV x2  
  119  10:54  Marine  
  122  10:57  Bunker  
  122  11:03  Marauder, Marine  
  122  11:04  Marauder, Marine x2  
  120  11:06  SCV  
  120  11:09  Marine  
  120  11:11  SCV  
  124  11:12  Medivac, Marine  
  124  11:14  SCV  
  114  11:29  Marine  
  114  11:30  SCV, Marauder  
  114  11:31  SCV  
  114  11:32  Marine  
  94  11:34  Marine  
  94  11:35  Marauder  
  94  11:37  Siege Tank, Medivac  
  94  11:39  Planetary Fortress  
  92  11:42  Marine, SCV  
  92  11:43  Marauder  
  92  11:46  Orbital Command  
  92  11:47  Marine, SCV  
  92  11:50  Medivac, Marine  
  92  11:51  Marauder  
  92  11:52  Marine  
  97  11:55  Marine  
  97  11:59  SCV  
  97  12:00  Marine  
  99  12:04  Marauder, SCV  
  99  12:05  Marine  
  99  12:07  Marine  
  104  12:10  Marine  
  104  12:11  SCV  
  104  12:13  Marine, Marauder  
  104  12:14  Supply Depot x2  
  109  12:16  SCV  
  109  12:18  Marine  
  109  12:20  SCV  
  112  12:22  SCV  
  112  12:23  Marine  
  112  12:25  Marine  
  112  12:26  Marine  
  114  12:30  Marine  
  114  12:31  Orbital Command  
  114  12:36  Marine  
  118  12:40  Siege Tank  
  121  12:44  Terran Infantry Weapons Level 3  
  121  12:46  SCV  
  121  12:49  Marine  
  121  12:55  Supply Depot, SCV  
  123  12:59  SCV  
  123  13:00  Marine  
  126  13:05  Marauder  
  126  13:06  Marine  
  126  13:07  Marauder  
  126  13:10  Marine x2  
  126  13:11  SCV  
  132  13:18  SCV x2  
  132  13:19  SCV  
  135  13:21  Marauder, Marine  
  135  13:23  Marine  
  135  13:26  Marine, Supply Depot, SCV  
  141  13:27  Marine  
  141  13:29  Marine x2  
  141  13:30  SCV  
  141  13:31  SCV  
  146  13:34  SCV  
  146  13:38  Marine  
  148  13:42  Supply Depot  
  148  13:44  Supply Depot  
  148  13:46  Supply Depot  
  148  13:47  Marine x2  
  148  13:48  Siege Tank, Marauder  
  155  13:51  SCV  
  156  14:04  Marauder, SCV x2, Marine x3  
  156  14:05  Supply Depot  
  162  14:12  Liberator x2, Marine  
  162  14:16  Supply Depot  
  162  14:17  Marine, SCV  
  170  14:18  Marine  
  172  14:26  Siege Tank  
  172  14:27  Marauder, Marine  
  178  14:31  Factory  
  178  14:32  Drilling Claws  
  178  14:40  SCV x2  
  178  14:42  Sensor Tower  
  180  14:50  SCV  
  173  15:04  Barracks x2, Marauder, Marine x2  
  173  15:06  Barracks, SCV  
  176  15:09  Command Center  
  150  15:17  Marine x2  
  150  15:18  Marauder x2  
  135  15:21  Terran Infantry Armor Level 3  
  135  15:22  Marine x2  
  135  15:24  Factory Reactor  
  135  15:25  Marine  
  135  15:27  SCV  
  135  15:28  SCV x2  
  119  15:32  Refinery  
  119  15:35  Marine x2  
  123  15:36  Widow Mine  
  123  15:39  Marauder, Marine x2  
  128  15:44  Marauder, Refinery  
  128  15:45  Medivac  
  128  15:46  Marine, Medivac  
  135  15:52  Barracks Reactor x2  
  135  15:53  Marine  
  136  15:57  Marauder  
  136  16:01  Barracks Tech Lab, Marauder, Marine x2  
  142  16:07  Marine  
  142  16:08  Marauder  
  142  16:09  Command Center, Widow Mine x2  
  142  16:10  Widow Mine  
  142  16:11  Marine  
  148  16:18  Marine  
  148  16:19  Marine  
  148  16:23  Marauder  
  152  16:28  Marauder, Marine x3  
  152  16:29  Medivac x2, Marauder  
  152  16:30  SCV x2, Widow Mine, Refinery  
  167  16:37  Widow Mine  
  167  16:39  Ghost Academy  
  169  16:44  Marine  
  169  16:45  Marauder, Marine  
  169  16:46  Widow Mine  
  175  16:47  Marine x2  
  175  16:48  Marauder  
  177  16:54  Marine  
  177  16:55  Widow Mine  
  176  17:02  Marauder, Marine x2  
  176  17:03  Widow Mine  
  176  17:05  SCV  
  139  17:08  SCV  
  139  17:10  SCV  
  139  17:11  Marine  
  110  17:25  Ghost x2  
  110  17:28  Widow Mine  
  110  17:29  SCV  
  104  17:31  SCV  
  104  17:35  SCV  
  104  17:41  Widow Mine  
  104  17:43  SCV  

Tags
 
Add a new tag
Caveats
  • Supply blocks, unpowered buildings, or Contaminate may cause inaccurate times.
  • Supply counts are checked every 10 seconds.